 Dungeon Crawl Stone Soup version bcrawl-1.37.1 (webtiles) character file.

Game seed: 2131353909522054807

171981 Morbidden the Ducker (level 7, -4/40 HPs)
             Began as a Skeleton Archaeologist on Oct 23, 2022.
             Slain by a sky beast (5 damage)
             ... on level 6 of the Dungeon.
             The game lasted 00:09:34 (5023 turns).

Morbidden the Ducker (Skeleton Archaeologist)       Turns: 5023, Time: 00:09:34

Health: -4/40      AC: 15    Str: 21 (23) XL:     7   Next: 31%
Magic:  0/11       EV:  9    Int: 12 (14) God:
Gold:   304        SH:  0    Dex:  7      Spells: 12/12 levels left

rFire    . . .     GDR:     23% a - +4 bardiche (flame)
rCold    + . .     SeeInvis +   (shield currently unavailable)
rNeg     + + +     Gourm    .   p - +0 chain mail
rPois    ∞         Faith    .   c - +0 helmet
rElec    .         Spirit   +   (no cloak)
rCorr    .         Reflect  .   m - +0 pair of gloves
MR       +....                  e - +2 pair of boots
Stlth    ..........             (no amulet)
HPRegen  0.16/turn              k - +5 ring of strength
MPRegen  0.12/turn              h - ring of see invisible

@: studying Slings
A: no food or potions, cold resistance 1, deterioration 1, negative energy
resistance 3, powered by death 1, torment resistance, unbreathing, magic shield,
sturdy frame 1, spell healing
a: no special abilities


You were on level 6 of the Dungeon.
You were not hungry.

You visited 1 branch of the dungeon, and saw 6 of its levels.

You collected 304 gold pieces.

Inventory:

Hand Weapons
 a - a +4 bardiche of flaming (weapon)
 b - a +0 blowgun
Missiles
 f - 4 curare-tipped needles
 j - 143 poisoned needles
Armour
 c - a +0 helmet (worn)
 e - a +2 pair of boots (worn)
 m - a +0 pair of gloves (worn)
 p - a +0 chain mail (worn)
Jewellery
 h - a ring of see invisible (right hand)
 k - a +5 ring of strength (left hand)
Scrolls
 g - a scroll of amnesia
 i - 6 scrolls of identify
 l - a scroll of magic mapping


   Skills:
 * Level 2.9 Fighting
   Level 2.9 Maces & Flails
 * Level 3.7 Polearms
 * Level 4.3 Armour
 * Level 4.3 Dodging
 + Level 3.9 Stealth
   Level 1.0 Shields
 * Level 3.3 Spellcasting


You had 12 spell levels left.
You didn't know any spells.
Your spell library was empty.

Dungeon Overview and Level Annotations

Branches:
Dungeon (6/12)
 Temple: D:4-7

Altars:
Kikubaaqudgha
Sif Muna
Vehumet
Wu Jian

Shops:
D:4 [

Annotations:
D:6 Edmund, Grinder


Innate Abilities, Weirdness & Mutations

You do not eat or drink.
You are immune to poison.
Your flesh is cold resistant. (rC+)
Your body sometimes deteriorates upon taking damage.
You are immune to negative energy. (rN+++)
You regenerate a little health from kills.
You are immune to unholy pain and torment.
You can survive without breathing.
When hurt, damage is shared between your health and your magic reserves.
Your movements are slightly less encumbered by armour. (ER -2)
Casting spells heals you.


Message History

The hound is engulfed in a cloud of scalding steam.
The hound bites you but does no damage.
The crimson imp hits you but does no damage.
The sky beast hits you but does no damage.
No path to travel!
No path to travel!
You closely miss the hound.
The hound is severely wounded.
The hound bites you but does no damage. The hound barely misses you.
The sky beast hits you but does no damage.
The crimson imp hits you but does no damage.
The hound bites you but does no damage.
No path to travel!
You closely miss the hound.
The hound is heavily wounded.
The hound closely misses you. The crimson imp barely misses you.
The sky beast hits you.
* * * LOW HITPOINT WARNING * * *
The sky beast shocks you.
You die...

# .# #.###
####.....
##........
##≈.≈......
##≈≈.≈≈.....
#≈≈≈h≈≈≈....
#≈≈≈@≈≈≈....
#≈≈≈Y5≈≈...^
##≈≈≈≈≈....#
#
##≈≈≈......
###.......
....... ###
.[..... ...
#...... #


You could see a sky beast, a hound and a crimson imp.

Vanquished Creatures
  A yak (D:5)
  A bullfrog (D:6)
  2 scorpions
  A water moccasin skeleton (D:4)
  2 crimson imps
  A hound (D:6)
  Jessica (D:2)
  Terence (D:2)
  Robin (D:4)
  6 adders
  A shadow imp (D:5)
  An adder zombie (D:5)
  An adder skeleton (D:5)
  A worm (D:2)
  2 dart slugs (D:1)
  2 leopard geckos
  9 orcs
  2 ball pythons
  8 goblins
  10 hobgoblins
  3 quokkas
  6 bats
  3 frilled lizards
  8 kobolds
  3 quokka skeletons
  5 rats
82 creatures vanquished.

Notes
Turn   | Place    | Note
-------+----------+-------------------------------------------
     0 | D:1      | Morbidden the Skeleton Archaeologist began the quest for
                  | the Orb.
     0 | D:1      | Reached XP level 1. HP: 12/12 MP: 1/1
   220 | D:1      | Reached XP level 2. HP: 10/16 MP: 0/2
   970 | D:2      | Noticed Terence
  1024 | D:2      | Reached skill level 1 in Spellcasting
  1038 | D:2      | Noticed Jessica
  1055 | D:2      | Killed Jessica
  1056 | D:2      | Reached XP level 3. HP: 14/20 MP: 2/4
  1282 | D:2      | Reached XP level 4. HP: 19/25 MP: 3/6
  1794 | D:2      | Killed Terence
  1795 | D:2      | Reached skill level 1 in Armour
  2294 | D:3      | Reached skill level 1 in Shields
  2509 | D:2      | Reached XP level 5. HP: 27/29 MP: 4/7
  2509 | D:2      | Identified a scroll of acquirement
  3482 | D:4      | Reached skill level 1 in Polearms
  3510 | D:4      | Found a radiant altar of Vehumet.
  3555 | D:4      | Found Piabb's Antique Armour Shop.
  3670 | D:4      | Found an ancient bone altar of Kikubaaqudgha.
  3670 | D:4      | Noticed Robin
  3675 | D:4      | Killed Robin
  3676 | D:4      | Found an ornate altar of the Wu Jian Council.
  3677 | D:4      | Found a shimmering blue altar of Sif Muna.
  3677 | D:4      | Found a blossoming altar of Fedhas.
  3723 | D:4      | Gained mutation: You regenerate a little health from kills.
                  | [Skeleton growth]
  3723 | D:4      | Reached XP level 6. HP: 36/36 MP: 9/9
  4334 | D:5      | Entered Level 5 of the Dungeon
  4366 | D:5      | Noticed a yak
  4367 | D:5      | Killed a yak
  4554 | D:5      | Reached XP level 7. HP: 40/40 MP: 11/11
  4929 | D:6      | Noticed Edmund
  4968 | D:6      | Noticed Grinder
  4979 | D:6      | Paralysed by Grinder for 4 turns
  5010 | D:6      | Found a blossoming altar of Fedhas.
  5014 | D:6      | HP: 1/40 [bullfrog (7)]
  5023 | D:6      | HP: 1/40 [sky beast (2)]
  5023 | D:6      | Slain by a sky beast

Skill      XL: |  1  2  3  4  5  6 |
---------------+-------------------+-----
Spellcasting   | 1 2 3 |  3.3
Maces & Flails | 2 |  2.9
Armour         | 2 3 4 |  4.3
Shields        | 1 |  1.0
Fighting       | 2 |  2.9
Polearms       | 1 3 |  3.7
Dodging        | 4 |  4.3
Stealth        | |  3.9

Action                   |  1- 3 |  4- 6 |  7- 9 || total
-------------------------+-------+-------+-------++-------
Melee: Whip              |   160 |       |       ||   160
       Mace              |    17 |    51 |       ||    68
       Flail             |       |    98 |       ||    98
       Bardiche          |       |   245 |    57 ||   302
 Fire: Blowgun           |       |    25 |       ||    25
Evoke: Wand              |     3 |    10 |       ||    13
  Use: Scroll            |     1 |     5 |     2 ||     8
 Stab: Sleeping          |     1 |       |       ||     1
Armor: Robe              |    79 |    14 |       ||    93
       Chain mail        |       |   349 |    97 ||   446
Dodge: Dodged            |   112 |   265 |    67 ||   444
Block: Medium shield     |       |    53 |       ||    53
